Map: Orbital Shipyard

Players

STumpY - Winner!

  • Race: Terran Terran
  • League: Grandmaster

wabbajack

  • Race: Zerg Zerg
  • League: Grandmaster

VOD

Have the link to the VOD?

Description

Time

  • Played on: July 15, 2015, 3:51 p.m.
  • Length: 7:44
Show
View Real Time Build Order
Export as new Build Order

STumpY Terran - Winner!

Build Orders: Reaper Expand 

Get SALT Encoding   

  12  0:01  SCV  
  13  0:13  SCV  
  14  0:18  Supply Depot  
  14  0:25  SCV  
  15  0:39  SCV  
  15  0:40  Barracks  
  16  0:47  Refinery  
  16  0:51  SCV  
  17  1:03  SCV  
  18  1:16  SCV  
  19  1:29  Orbital Command  
  19  1:32  Reaper  
  20  1:47  Command Center  
  20  1:56  SCV, Supply Depot  
  21  2:04  Marine  
  22  2:11  SCV  
  23  2:18  Factory  
  23  2:36  SCV  
  24  2:37  Barracks Reactor  
  24  2:48  SCV  
  25  2:54  Refinery, Barracks  
  25  2:56  Engineering Bay  
  25  3:00  SCV  
  25  3:03  Orbital Command  
  26  3:12  SCV  
  27  3:24  SCV  
  27  3:25  Barracks Tech Lab  
  27  3:26  Hellion x2  
  33  3:34  SCV  
  33  3:35  Barracks  
  33  3:42  Terran Infantry Weapons Level 1  
  33  3:44  Stimpack  
  33  3:45  Marine  
  33  3:47  Hellion x2  
  38  3:55  Supply Depot  
  38  3:57  SCV  
  38  4:00  SCV, Marauder  
  42  4:16  SCV x2  
  44  4:17  Barracks Reactor  
  44  4:19  Hellion x2  
  48  4:25  Barracks Reactor  
  48  4:28  Supply Depot  
  48  4:30  SCV x2, Starport  
  48  4:31  Refinery  
  50  4:34  Refinery, Marauder  
  52  4:45  SCV  
  49  4:58  SCV x2  
  49  4:59  Marine x2  
  45  5:10  SCV, Marauder  
  45  5:12  Starport Reactor  
  45  5:14  Marine x2  
  48  5:18  SCV, Supply Depot  
  51  5:25  Marine x2  
  53  5:31  Armory, Marauder  
  53  5:34  SCV x2  
  57  5:38  Marine  
  57  5:39  Marine  
  59  5:48  Medivac x2  
  59  5:49  Marine  
  64  5:50  Marine  
  64  5:54  SCV  
  66  5:58  Supply Depot  
  66  6:00  SCV  
  66  6:01  Marine  
  66  6:04  Marauder  
  70  6:08  Supply Depot  
  70  6:09  SCV  
  70  6:20  Marine x3  
  73  6:31  Medivac  
  73  6:32  Medivac  
  77  6:35  SCV  
  77  6:36  SCV  
  77  6:39  Command Center  
  79  6:46  Marine x2  
  81  6:47  Marauder  
  83  7:06  Marine x2  
  83  7:07  Marine  
  86  7:13  Barracks x2  
Show
View Real Time Build Order
Export as new Build Order

wabbajack Zerg 

Build Orders: Hatch First 

Get SALT Encoding   

  12  0:01  Drone  
  13  0:11  Drone  
  14  0:19  Overlord  
  14  0:27  Extractor  
  14  0:28  Drone  
  14  0:29  Extractor  
  14  0:30  Drone  
  16  0:41  Drone  
  17  0:54  Hatchery  
  16  0:57  Extractor  
  16  0:59  Drone  
  16  1:02  Drone  
  17  1:05  Drone  
  18  1:19  Spawning Pool  
  17  1:26  Drone  
  17  1:27  Drone  
  19  1:40  Overlord  
  19  1:55  Drone  
  19  1:59  Drone  
  21  2:06  Queen  
  21  2:07  Metabolic Boost  
  21  2:08  Queen  
  23  2:12  Drone x2  
  27  2:25  Zergling x4  
  27  2:29  Overlord  
  29  3:01  Pneumatized Carapace  
  29  3:02  Queen  
  29  3:05  Drone  
  32  3:06  Spine Crawler  
  32  3:09  Drone  
  32  3:12  Spine Crawler  
  31  3:30  Zergling x4  
  31  3:32  Zergling x8  
  37  3:45  Overlord  
  37  3:46  Overlord  
  37  3:47  Zergling x2  
  37  3:48  Zergling x8  
  42  4:04  Overlord  
  42  4:08  Drone  
  42  4:09  Drone x6  
  37  5:15  Roach Warren  
  36  5:21  Hatchery  
  36  5:27  Spine Crawler  
  34  5:28  Hatchery  
  34  5:29  Spine Crawler  
  34  5:30  Spore Crawler  
  34  5:34  Spore Crawler  
  30  5:36  Spore Crawler  
  30  5:40  Zergling x8  
  30  5:42  Drone  
  34  5:43  Drone x7  
  34  5:49  Queen  
  43  6:14  Extractor  
  43  6:15  Drone, Extractor  
  43  6:16  Drone x10  
  43  6:17  Extractor  
  51  6:45  Lair  
  51  7:03  Roach x9  
  66  7:19  Drone  
  66  7:20  Drone x2  
Tags
 
Add a new tag
Caveats
  • Supply blocks, unpowered buildings, or Contaminate may cause inaccurate times.
  • Supply counts are checked every 10 seconds.